 Dungeon Crawl Stone Soup version 0.17-a0-854-g4a4ba72 (console) character file.

176 sose the Changer (level 5, -7/33 HPs)
             Began as an Octopode Transmuter on Apr 28, 2015.
             Killed from afar by an orc wizard (8 damage)
             ... with a magic dart
             ... on level 3 of the Dungeon.
             The game lasted 00:08:09 (3520 turns).

sose the Changer (Octopode Transmuter)              Turns: 3520, Time: 00:08:09

Health: -7/33      AC:  1    Str:  9    XL:     5   Next: 56%
Magic:  8/8        EV: 12    Int: 17    God:
Gold:   84         SH:  0    Dex: 12    Spells: 3 memorised, 2 levels left

rFire  . . .     SeeInvis .     j - +1 dagger (elec)
rCold  . . .     Clarity  .     (no shield)
rNeg   . . .     SustAb   .     (helmet restricted)
rPois  .         Gourm    .     (no amulet)
rElec  .         Spirit   .     (no ring)
rCorr  .         Warding  .     (no ring)
rMut   .         Stasis   .     (no ring)
MR     .....                    (no ring)
Stlth  ++........               (no ring)
                                (no ring)
                                (no ring)
                                (no ring)

@: appendage, not resistant to hostile enchantments, unstealthy
A: almost no armour, amphibious, 8 rings, constrict 8, tentacle spike 3,
camouflage 1, gelatinous body 1
a: End Transformation


You were on level 3 of the Dungeon.
You were not hungry.
One of your tentacles had a temporary spike.
You visited 1 branch of the dungeon, and saw 3 of its levels.

You collected 84 gold pieces.

Inventory:

Hand weapons
 j - a +1 dagger of electrocution (weapon)
Missiles
 a - 19 arrows
 k - 99 stones (quivered)
Scrolls
 f - 4 scrolls of identify
 h - a scroll of immolation {unknown}
 l - a scroll of amnesia {unknown}
Potions
 d - 6 potions of curing
 e - a potion of restore abilities {unknown}
 m - a potion of ambrosia {unknown}
Books
 b - a book of Changes

   Spells                             Type                      Level
   a - Beastly Appendage              Transmutation                1
   b - Sticks to Snakes               Transmutation                2
   c - Spider Form                    Transmutation/Poison         3
   d - Ice Form                       Ice/Transmutation            4
   e - Blade Hands                    Transmutation                5
Comestibles
 c - a bread ration
 g - 3 fruits
 i - a slice of pizza


   Skills:
 - Level 1.0 Fighting
 - Level 2.6 Dodging
 - Level 3.0 Unarmed Combat
 - Level 2.0 Spellcasting
 + Level 5.2 Transmutations


You had 2 spell levels left.
You knew the following spells:

 Your Spells              Type           Power        Failure   Level  Hunger
a - Beastly Appendage     Trmt           ###...       2%          1    #......
b - Sticks to Snakes      Trmt           ###.......   3%          2    ###....
c - Spider Form           Trmt/Pois      ##........   21%         3    ###....


Dungeon Overview and Level Annotations

Branches:
Dungeon (3/15)

Altars:
Ashenzari
Elyvilon
Nemelex Xobeh
Qazlal
Sif Muna
Trog
Zin


Innate Abilities, Weirdness & Mutations

You cannot wear most types of armour.
You are amphibious.
You can wear up to eight rings at the same time.
You can use your tentacles to constrict eight enemies at once.
Your skin changes colour to match your surroundings (Stealth).
Your rubbery body absorbs attacks (AC +1).
One of your tentacles bears a large vicious spike.


Message History

There is an open door here.
The orc wizard mumbles some strange words.
The orc wizard blinks!
The orc wizard gestures at you while chanting.
The magic dart hits you!
The orc wizard hits you with a dagger. x2
* * * LOW HITPOINT WARNING * * *
There is an open door here.
The orc wizard casts a spell at you. The magic dart hits you!
* * * LOW HITPOINT WARNING * * *
You closely miss the orc wizard. You grab the orc wizard.
You squeeze the orc wizard.
The orc wizard is moderately wounded.
You constrict the orc wizard, but do no damage.
The orc wizard hits you with a dagger.
* * * LOW HITPOINT WARNING * * *
The orc wizard points at you and mumbles some strange words.
The magic dart hits you!
You die...

.....[....#....#.>.....#
..........#.##########.#
..........# #.# ........#.#
#.##### #######.### ####
#.#...# ........#######..##
#.#.#.#
.#####...#.≈..#8..####.#.#.#
#...#>≈..'o_...##)#.#>#
#...#.≈..#8@.#.##.#.#.#
....######..##......#.#
###..#########..##.#.#.##
#............###......#
#....)...#.#..####.####
#........#.##.# #....#
#.......#.##.# ######
........#.##.#
#########.##.#


You could see an orc wizard.

Vanquished Creatures
  6 adders
  3 gnolls (D:3)
  7 worms
  2 giant geckos (D:1)
  3 orcs (D:3)
  5 bats
  7 hobgoblins
  7 jackals
  2 ball pythons
  4 giant cockroaches
  A giant newt (D:2)
  6 goblins
  8 kobolds
  A quokka (D:2)
  10 rats
72 creatures vanquished.

Notes
Turn   | Place    | Note
--------------------------------------------------------------
     0 | D:1      | sose, the Octopode Transmuter, began the quest for the Orb.
     0 | D:1      | Reached XP level 1. HP: 13/13 MP: 3/3
   277 | D:1      | Reached XP level 2. HP: 2/18 MP: 3/5
   818 | D:1      | Reached XP level 3. HP: 7/23 MP: 6/6
  1792 | D:2      | Reached XP level 4. HP: 25/28 MP: 5/7
  1993 | D:2      | Reached skill level 4 in Transmutations
  2736 | D:3      | Found a white marble altar of Elyvilon.
  2736 | D:3      | Found a sparkling altar of Nemelex Xobeh.
  2736 | D:3      | Found a glowing silver altar of Zin.
  2736 | D:3      | Found a stormy altar of Qazlal.
  2737 | D:3      | Found a shattered altar of Ashenzari.
  2738 | D:3      | Found a bloodstained altar of Trog.
  2749 | D:3      | Reached XP level 5. HP: 33/33 MP: 6/8
  2764 | D:3      | Learned a level 2 spell: Sticks to Snakes
  2768 | D:3      | Learned a level 3 spell: Spider Form
  2822 | D:3      | Reached skill level 5 in Transmutations
  3271 | D:3      | Found a deep blue altar of Sif Muna.
  3520 | D:3      | HP: 1/33 [orc wizard/dagger (3)]
  3520 | D:3      | Killed from afar by an orc wizard

Action                   |  1- 3 |  4- 6 || total
-------------------------+-------+-------++-------
Melee: Unarmed           |    23 |       ||    23
       Dagger            |    57 |    88 ||   145
Throw: Stone             |       |     1 ||     1
 Cast: Beastly Appendage |     5 |    17 ||    22
       Spider Form       |       |     1 ||     1
  Use: Scroll            |       |     1 ||     1
 Stab: Sleeping          |     4 |     2 ||     6
  Eat: Meat ration       |     1 |       ||     1
       Chunk             |       |     2 ||     2
       Bread ration      |       |     1 ||     1
